 Dungeon Crawl Stone Soup version 0.21-a0-331-gfb491b4 (webtiles) character file.

786 Coron the Digger (level 7, 0/64 HPs)
             Began as a Deep Dwarf Wanderer on Oct 3, 2017.
             Was a Believer of Zin.
             Slain by a centaur (4 damage)
             ... on level 5 of the Dungeon.
             The game lasted 00:22:19 (4233 turns).

Coron the Digger (Deep Dwarf Wanderer)              Turns: 4233, Time: 00:22:20

Health: 0/64       AC:  5    Str: 16    XL:     7   Next: 56%
Magic:  0/9        EV: 11    Int: 14    God:    Zin [**....]
Gold:   107        SH:  0    Dex: 12    Spells: 8/12 levels left

rFire    . . .     SeeInvis .   p - +1 dagger (flame)
rCold    . . .     Gourm    .   (no shield)
rNeg     . . .     Faith    .   D - +1 leather armour {MR+}
rPois    +         Spirit   .   (no helmet)
rElec    .         Reflect  .   (no cloak)
rCorr    .         Harm     .   w - +0 pair of gloves
MR       +++..                  (no boots)
Stlth    ++........             (no amulet)
HPRegen  0.00/turn              m - ring of poison resistance
MPRegen  0.11/turn              z - ring of protection from magic

@: very slightly contaminated, non-regenerating
A: damage resistance, heal wounds, sense surroundings 1, no regeneration
a: Heal Wounds, Recite, Vitalisation, Donate Gold, Renounce Religion


You were on level 5 of the Dungeon.
You worshipped Zin.
Zin was pleased with you.
You were not hungry.

You visited 1 branch of the dungeon, and saw 5 of its levels.

You collected 118 gold pieces.
You donated 11 gold pieces to Zin.

Inventory:

Hand Weapons
 h - a +0 whip
 p - a +1 dagger of flaming (weapon)
 s - a +0 dagger of speed
Armour
 k - a +0 chain mail
 l - a +0 leather armour of poison resistance
 u - a cursed +0 ring mail
 v - a +0 chain mail
 w - a +0 pair of gloves (worn)
 D - a +1 leather armour of magic resistance (worn)
Jewellery
 m - a ring of poison resistance (left hand)
 z - a ring of protection from magic (right hand)
Wands
 y - a wand of flame (0/48)
Scrolls
 g - a scroll of amnesia
 t - a scroll of fog
 B - a scroll of recharging {unknown}
 C - 3 scrolls of remove curse
Potions
 d - 2 potions of might
 e - a potion of magic
 i - 2 potions of haste
 j - a potion of invisibility {unknown}
 n - a potion of brilliance {unknown}
 A - a potion of agility {unknown}
Books
 a - a book of Geomancy

   Spells                             Type                      Level
   a - Sandblast                      Earth                        1
   b - Passwall                       Transmutation/Earth          2
   c - Stone Arrow                    Conjuration/Earth            3
   d - Petrify                        Transmutation/Earth          4
   e - Lee's Rapid Deconstruction     Earth                        5
 b - the Papyrus of Companions

   Spells                             Type                      Level
   a - Summon Butterflies             Summoning                    1
   b - Call Canine Familiar           Summoning                    3
 c - Tyd Gaa's Guide on Necromancy

   Spells                             Type                      Level
   a - Corpse Rot                     Necromancy                   2
   b - Sublimation of Blood           Necromancy                   2
   Zin disapproves of the use of such an item.
Comestibles
 f - 4 bread rations
 o - a chunk of flesh
 q - 4 fruits
 x - 2 meat rations


   Skills:
 - Level 4.0 Fighting
 - Level 2.1 Short Blades
 - Level 4.1 Armour
 - Level 3.5 Stealth
 + Level 3.3 Spellcasting
   Level 3.2 Necromancy
 - Level 5.4 Earth Magic
 - Level 1.3 Evocations


You had 8 spell levels left.
You knew the following spells:

 Your Spells              Type           Power        Failure   Level  Hunger
a - Sandblast             Erth           ###...       2%          1    #......
b - Stone Arrow           Conj/Erth      #.....       24%         3    ###....


Dungeon Overview and Level Annotations

Branches:
Dungeon (5/15)
 Temple: D:4-7

Altars:
Zin


Innate Abilities, Weirdness & Mutations

You are resistant to damage.
You can heal yourself by infusing magical energy.
You passively map a small area around you.
You do not regenerate.


Message History

Press: ? - help, Shift-Dir - straight line, f/p - centaur
Aim: a centaur, wielding a shortbow (lightly wounded)
The stone arrow hits the centaur.
The centaur is severely wounded.
The centaur shoots an arrow.
The arrow hits you.
* * * LOW HITPOINT WARNING * * *
The centaur shoots an arrow.
The arrow barely misses you.
The centaur unwields an uncursed shortbow.
The centaur hits you.
* * * LOW HITPOINT WARNING * * *
You hit the centaur but do no damage.
The centaur is severely wounded.
The centaur hits you but does no damage.
You hit the centaur. You burn the centaur.
The centaur is severely wounded.
The centaur hits you but does no damage.
You hit the centaur. You burn the centaur.
The centaur is almost dead.
The centaur hits you. x2
You die...

####### ,* #.....#
#.###.# #, ######
#.#.#.# #. #(.(.#
#)#.#.# ## *
#.#..##....###.#.#.# #.
, ......'....'.....#.#
#. * * ...
#(...###.#.#.####. ,
.....#@..(###.#.#......
#......c((...#.#.#......
...###.####......#......
, #. ####.###.###.. ..
,, #.# #.# #.. #.. * .#
* ### * #.# #.###[.
#.... .# # , #.# #......
#.... ,.#.# .
#.#######..
##...?##.*.##
*###.##.#......##..


You could see a centaur.

Vanquished Creatures
  A phantom (D:4)
  A scorpion (D:4)
  A crimson imp (D:2)
  A hound (D:5)
  4 orc priests
  A bullfrog skeleton (D:4)
  3 orc wizards
  Ijyb (D:3)
  4 worker ants
  A killer bee zombie (D:5)
  A hound skeleton (D:3)
  5 adders
  A shadow imp (D:5)
  5 worms
  3 dart slugs
  2 leopard geckos
  11 orcs
  10 giant cockroaches
  17 goblins
  6 hobgoblins
  8 jackals
  14 kobolds
  3 quokkas (D:2)
  3 ball pythons
  3 bats
  A frilled lizard (D:4)
  12 rats
123 creatures vanquished.

Notes
Turn   | Place    | Note
-------+----------+-------------------------------------------
     0 | D:1      | Coron the Deep Dwarf Wanderer began the quest for the Orb.
     0 | D:1      | Coron set off with: a book of Geomancy, the Papyrus of Companions, Tyd Gaa's Guide on Necromancy, a +0 robe, a +0 club, a bread ration
     0 | D:1      | Reached XP level 1. HP: 15/15 MP: 4/4
     0 | D:1      | Identified the Papyrus of Companions
     0 | D:1      | Identified Tyd Gaa's Guide on Necromancy
     2 | D:1      | Learned a level 1 spell: Sandblast
   125 | D:1      | Reached XP level 2. HP: 12/24 MP: 6/6
   210 | D:1      | Reached skill level 1 in Fighting
   453 | D:1      | Reached XP level 3. HP: 21/32 MP: 7/7
   723 | D:2      | Reached skill level 1 in Armour
   964 | D:2      | Reached XP level 4. HP: 37/39 MP: 8/8
  1308 | D:2      | Reached skill level 3 in Earth Magic
  1308 | D:2      | Reached XP level 5. HP: 16/45 MP: 1/9
  1443 | D:3      | Found a faded altar of an unknown god.
  1447 | D:3      | Became a worshipper of Zin the Law-Giver
  1447 | D:3      | Reached * piety under Zin
  1832 | D:3      | Reached ** piety under Zin
  2485 | D:4      | Noticed Ijyb
  2548 | D:3      | Killed Ijyb
  2548 | D:3      | Reached XP level 6. HP: 27/57 MP: 1/9
  3796 | D:5      | Entered Level 5 of the Dungeon
  3798 | D:5      | Reached skill level 1 in Short Blades
  3804 | D:5      | Reached XP level 7. HP: 40/64 MP: 3/8
  3943 | D:5      | Reached skill level 4 in Earth Magic
  4013 | D:5      | Learned a level 3 spell: Stone Arrow
  4027 | D:5      | Reached skill level 5 in Earth Magic
  4046 | D:5      | HP: 3/64 [killer bee zombie (2)]
  4233 | D:5      | Slain by a centaur

Vault maps used:
D:1:      lemuel_arrival_muddy, hangedman_decor_lopped, minmay_tromino_v2
D:2:      nrook_mini_vaults, minivault_19
D:3:      kennysheep_the_goblin_king, chequers_ecumenical_altar_simple,
          serial_bayou_ford_a
D:4:      uniq_ijyb
D:5:      first_bread, st_stairs_11

Skill      XL: |  1  2  3  4  5  6  7 |
---------------+----------------------+-----
Spellcasting   | 3 |  3.3
Fighting       | 2 3 4 |  4.0
Armour         | 2 3 4 |  4.1
Earth Magic    | 3 5 |  5.4
Stealth        | 3 |  3.5
Short Blades   | 1 2 |  2.1
Necromancy     | |  3.2
Evocations     | |  1.3

Action                   |  1- 3 |  4- 6 |  7- 9 || total
-------------------------+-------+-------+-------++-------
Melee: Whip              |   148 |       |       ||   148
       Dagger            |     2 |   201 |   106 ||   309
 Cast: Sandblast         |    10 |   117 |    19 ||   146
       Stone Arrow       |       |       |     4 ||     4
 Abil: Heal Wounds       |     3 |     7 |     2 ||    12
  Use: Scroll            |       |     6 |       ||     6
 Stab: Sleeping          |     3 |     1 |       ||     4
  Eat: Chunk             |     1 |    10 |     2 ||    13
Armor: Robe              |    21 |       |       ||    21
       Leather armour    |     7 |    64 |    25 ||    96
Dodge: Dodged            |    83 |   149 |    64 ||   296

Table legend:
 A = Spawn XP
 B = Non-spawn XP
 C = Spawn XP percentage of total XP
 D = Spawn monster count
 E = Non-spawn monster count
 F = Spawn count percentage of total count
 G = Total turns spent on level
                    A         B        C        D         E        F      G
               +---------+---------+-------+---------+---------+-------+---------
         Total |       0 |    1124 |   0.0 |       0 |     123 |   0.0 |  4233
               +---------+---------+-------+---------+---------+-------+---------
           D:1 |       0 |      51 |   0.0 |       0 |      30 |   0.0 |   752
           D:2 |       0 |     151 |   0.0 |       0 |      24 |   0.0 |   631
           D:3 |       0 |     182 |   0.0 |       0 |      38 |   0.0 |  1306
           D:4 |       0 |     322 |   0.0 |       0 |      13 |   0.0 |  1156
           D:5 |       0 |     418 |   0.0 |       0 |      18 |   0.0 |   388
               +---------+---------+-------+---------+---------+-------+---------
